 Dungeon Crawl Stone Soup version 0.21.1-1-g345015f (webtiles) character file.

65 lotte the Magician (level 3, -4/19 HPs)
             Began as a Deep Elf Fire Elementalist on July 2, 2018.
             Slain by a gnoll
             ... wielding a cursed -3 halberd
              (10 damage)
             ... on level 2 of the Dungeon.
             The game lasted 00:09:31 (2086 turns).

lotte the Magician (Deep Elf Fire Elementalist)     Turns: 2086, Time: 00:09:32

Health: -4/19      AC:  2    Str:  5    XL:     3   Next: 92%
Magic:  9/10       EV: 13    Int: 20    God:
Gold:   127        SH:  0    Dex: 15    Spells: 6/10 levels left

rFire    . . .     SeeInvis .   f - +0 spear
rCold    . . .     Gourm    .   (no shield)
rNeg     . . .     Faith    .   a - +0 robe
rPois    .         Spirit   .   (no helmet)
rElec    .         Reflect  .   (no cloak)
rCorr    .         Harm     .   (no gloves)
MR       .....                  (no boots)
Stlth    ++........             (no amulet)
HPRegen  0.06/turn              (no ring)
MPRegen  0.12/turn              (no ring)

@: no status effects
A: no striking features
a: no special abilities


You were on level 2 of the Dungeon.
You were not hungry.

You visited 1 branch of the dungeon, and saw 2 of its levels.

You collected 127 gold pieces.

Inventory:

Hand Weapons
 e - a +0 dagger
 f - a +0 spear (weapon)
Armour
 a - a +0 robe (worn)
Jewellery
 k - a cursed ring of protection from fire
Scrolls
 d - 2 scrolls of teleportation
 j - a scroll of identify
Potions
 g - a potion of degeneration {unknown}
 h - 4 potions of cancellation {unknown}
 i - a potion of heal wounds {unknown}
Books
 b - a book of Flames

   Spells                             Type                      Level
   a - Flame Tongue                   Conjuration/Fire             1
   b - Throw Flame                    Conjuration/Fire             2
   c - Conjure Flame                  Conjuration/Fire             3
   d - Inner Flame                    Hexes/Fire                   3
   e - Sticky Flame                   Conjuration/Fire             4
   f - Fireball                       Conjuration/Fire             5
Comestibles
 c - 6 rations


   Skills:
 - Level 0.1 Fighting
 + Level 3.0 Dodging
 - Level 3.0 Stealth
 + Level 4.0 Spellcasting
 + Level 1.6 Conjurations
 + Level 3.9 Fire Magic


You had 6 spell levels left.
You knew the following spells:

 Your Spells              Type           Power        Failure   Level  Hunger
a - Flame Tongue          Conj/Fire      ###..        4%          1    None
b - Conjure Flame         Conj/Fire      ###.....     12%         3    ###....


Dungeon Overview and Level Annotations

Branches:
Dungeon (2/15)

Altars:


Message History

All of the chunks of flesh in your inventory have rotted away.
Done exploring.
Done exploring.
The gnoll shouts!
The gnoll hits you from afar with a halberd!
Ouch! That really hurt!
The gnoll misses you.
You hit the gnoll but do no damage. The gnoll closely misses you.
You hit the gnoll but do no damage. The gnoll barely misses you.
Casting: Flame Tongue
Confirm with . or Enter, or press ? or * to list all spells.
Aiming: Flame Tongue
Press: ? - help, Shift-Dir - straight line, f - gnoll
Aim: a gnoll, wielding a halberd The flame tongue hits the gnoll.
The gnoll is heavily wounded.
The gnoll hits you from afar with a halberd!
Ouch! That really hurt!
You die...

#####.###.# #...# #.# ## #..#.##
#...# ####.#### .# #.#.## #...#
#.......# .# #.### ##...###
#.......# .####.######
#......###.......### ...........#
#...................
.####.##.#.###.#g#######......###
.# #.#.#..##....# #......# .#
#..###..#..#@# #......# ##
#(#.#........# #.######
##......##....# #.###
#.......##.##.# #...#
#..##...##.##.#######.#.#
#.......##.......<....#.#
#...##..#####.#########.##
#...#(..........# #..#
#.......###<....# ##.#


You could see a gnoll.

Vanquished Creatures
  A gnoll (D:2)
  An adder (D:2)
  An ooze (D:1)
  A worm (D:2)
  A dart slug (D:1)
  2 leopard geckos (D:1)
  2 giant cockroaches
  A goblin (D:1)
  3 hobgoblins (D:1)
  2 jackals (D:2)
  5 kobolds
  3 ball pythons (D:1)
  3 bats (D:1)
  5 frilled lizards
  9 rats (D:1)
  A toadstool (D:1)
41 creatures vanquished.

Vanquished Creatures (others)
  A gnoll (D:2)
  3 toadstools (D:1)
4 creatures vanquished.

Grand Total: 45 creatures vanquished

Notes
Turn   | Place    | Note
-------+----------+-------------------------------------------
     0 | D:1      | lotte the Deep Elf Fire Elementalist began the quest for the Orb.
     0 | D:1      | Reached XP level 1. HP: 10/10 MP: 6/6
    48 | D:1      | Reached XP level 2. HP: 15/15 MP: 1/8
   721 | D:1      | Reached XP level 3. HP: 19/19 MP: 7/10
  1083 | D:2      | Learned a level 3 spell: Conjure Flame
  1597 | D:2      | Reached skill level 4 in Spellcasting
  2086 | D:2      | Slain by a gnoll

Skill      XL: |  1  2  3 |
---------------+----------+-----
Spellcasting   | 4 |  4.0
Dodging        | 3 |  3.0
Stealth        | 3 |  3.0
Fighting       | |  0.1
Conjurations   | |  1.6
Fire Magic     | |  3.9

Action                   || total
-------------------------++-------
Melee: Unarmed           ||     4
       Spear             ||     2
 Cast: Flame Tongue      ||    67
  Use: Scroll            ||     3
  Eat: Chunk             ||     3
Armor: Robe              ||     7
Dodge: Dodged            ||    15
